 Dungeon Crawl Stone Soup version 0.31-a0-986-g5e6e4ef867 (webtiles) character file.

Game seed: 16940215174615800833

35 mdonais the Cutter (level 3, -5/24 HPs)
             Began as an Octopode Reaver on Nov 3, 2023.
             Slain by Terence
             ... wielding a +1 mace of protection
              (10 damage)
             ... on level 2 of the Dungeon.
             The game lasted 00:04:08 (819 turns).

mdonais the Cutter (Octopode Reaver)                 Turns: 819, Time: 00:04:08

Health: -5/24      AC:  1    Str: 11    XL:     3   Next: 35%
Magic:  6/6        EV: 13    Int: 17    God:
Gold:   51         SH:  0    Dex: 10    Spells: 2/6 levels left

rFire   . . .        d - +0 dagger
rCold   . . .        (no shield)
rNeg    . . .        (helmet restricted)
rPois   .            (no amulet)
rElec   .            (no ring)
rCorr   .            (no ring)
SInv    .            (no ring)
Will    .....        (no ring)
Stlth   ++           (no ring)
HPRegen 0.24/turn    (no ring)
MPRegen 0.10/turn    (no ring)
                     (no ring)

%: no passive effects
@: no status effects
A: almost no armour, amphibious, 8 rings, camouflage 1, gelatinous body 1,
(nimble swimmer 1), tentacles
a: no special abilities


You were on level 2 of the Dungeon.
You visited 1 branch of the dungeon, and saw 2 of its levels.

You collected 51 gold pieces.

Inventory:

Hand Weapons
 a - a +0 short sword
 d - a +0 dagger (weapon)
   (You found it on level 1 of the Dungeon)
 i - a +0 sling of electrocution
   (You took it off a goblin on level 1 of the Dungeon)
Missiles
 t - 6 boomerangs
Jewellery
 g - a ring of ice
   (You found it on level 1 of the Dungeon)
Scrolls
 b - a scroll of identify {unknown}
 f - a scroll of teleportation {unknown}
Potions
 h - a potion of heal wounds {unknown}


   Skills:
 - Level 2.2 Fighting
 - Level 3.2 Short Blades
 - Level 2.2 Dodging
 + Level 1.0 Stealth
 - Level 2.0 Spellcasting
 - Level 3.0 Conjurations
 + Level 1.9 Earth Magic


You had 2 spell levels left.
You knew the following spells:

 Your Spells              Type           Power      Damage    Failure   Level
a - Kiss of Death         Conj/Necr      24%        2d7       11%         1
b - Momentum Strike       Conj/Tloc      12%        3d8       16%         2
c - Sandblast             Erth           16%        2d6       9%          1

Your spell library contained the following spells:

 Spells                   Type           Power      Damage    Failure   Level
 Passwall                 Tmut/Erth      3%         N/A       21%         2
 Stone Arrow              Conj/Erth      20%        3d8       22%         3
 Hailstorm                Conj/Ice       6%         3d4       30%         3
 Brom's Barrelling Bould  Conj/Erth      10%        2d3       56%         4


Dungeon Overview and Level Annotations

Branches:
Dungeon (2/15) Zot: 11179

Altars:

Annotations:
D:2 Robin, Terence


Innate Abilities, Weirdness & Mutations

You cannot wear most types of armour.
You are amphibious.
You can wear up to eight rings at the same time.
Your skin changes colour to match your surroundings (Stealth+).
Your rubbery body absorbs attacks. (AC +1, EV +1)
((You are camouflaged when in or above water. (Stealth+)))
You have tentacles for arms and can constrict up to eight enemies at once.


Message History

You now have 4/6 mp.
Casting: Sandblast (safe; 10% risk of failure)
Confirm with . or Enter, or press ? or * to list all spells.
Aiming: Sandblast (safe; 10% risk of failure)
Press: ? - help, Shift-Dir - straight line, f/p - hobgoblin
Aim: a hobgoblin (moderately wounded, strong, 81% to hit)
The blast of sand hits the hobgoblin!
You kill the hobgoblin!
You now have 3/6 mp.
Casting: Sandblast (safe; 9% risk of failure)
Confirm with . or Enter, or press ? or * to list all spells.
Aiming: Sandblast (safe; 9% risk of failure)
Press: ? - help, Shift-Dir - straight line, f - goblin
Aim: a goblin, wielding a +0 dagger (strong, 76% to hit)
The blast of sand misses the goblin.
The goblin hits you with a +0 dagger. Robin throws the goblin at you!
The goblin hits you with a +0 club.
You take 6 damage, and have 18/24 hp.
MASSIVE DAMAGE!!
You now have 2/6 mp.
The goblin closely misses you. Robin throws the goblin at you!
The goblin hits you with a +0 club.
The goblin unwields a +0 sling.
The goblin wields a +0 club.
The goblin barely misses you.
You climb upwards.
There is a stone staircase leading down here.
You take 6 damage, and have 12/24 hp.
MASSIVE DAMAGE!!
Casting: Sandblast (safe; 9% risk of failure)
Confirm with . or Enter, or press ? or * to list all spells.
Aiming: Sandblast (safe; 9% risk of failure)
Press: ? - help, Shift-Dir - straight line, f - goblin
Aim: a goblin, wielding a +0 club (strong, 76% to hit)
The blast of sand hits the goblin.
The goblin is severely wounded.
The goblin barely misses you. The goblin misses you.
The goblin hits you but does no damage.
You now have 2/6 mp.
You are too injured to fight recklessly!
You are too injured to fight recklessly!
You hit the goblin.
You kill the goblin!
You hit the goblin but do no damage. You grab the goblin.
You constrict the goblin. The goblin closely misses you.
You hit the goblin but do no damage.
The goblin is moderately wounded.
You constrict the goblin. The goblin hits you with a +0 dagger.
You take 2 damage, and have 10/24 hp.
You hit the goblin.
You kill the goblin!
Your Stealth skill increases to level 1!
Things that are here:
a +0 club; a +0 sling of electrocution
i - a +0 sling of electrocution
There is a stone staircase leading down here.
Things that are here:
a +0 dagger; a goblin corpse You start resting.
Magic restored.
You regained 7 hp, and now have 18/24 hp.
MP restored: 6 You start resting.
HP restored.
Health restored: 24
There is a stone staircase leading down here.
You climb downwards.
Level annotation: Robin, Terence
There is a stone staircase leading up here.
Terence shouts!
You hear a shout!
A gnoll comes into view. It is wielding a +2 spear of venom.
Casting: Sandblast (safe; 9% risk of failure)
Confirm with . or Enter, or press ? or * to list all spells.
You can't see any susceptible monsters within range! (Use Z to cast anyway.) Unknown command.
Casting: Sandblast (safe; 9% risk of failure)
Confirm with . or Enter, or press ? or * to list all spells.
You can't see any susceptible monsters within range! (Use Z to cast anyway.)
Casting: Sandblast (safe; 9% risk of failure)
Confirm with . or Enter, or press ? or * to list all spells.
Aiming: Sandblast (safe; 9% risk of failure)
Press: ? - help, Shift-Dir - straight line, f - Terence
Aim: Terence, wielding a +1 mace of protection and wearing a +0 chain mail (86% to hit)
The blast of sand hits Terence but does no damage.
You now have 5/6 mp.
Casting: Sandblast (safe; 9% risk of failure)
Confirm with . or Enter, or press ? or * to list all spells.
Aiming: Sandblast (safe; 9% risk of failure)
Press: ? - help, Shift-Dir - straight line, f/p - Terence
Aim: Terence, wielding a +1 mace of protection and wearing a +0 chain mail (86% to hit)
The blast of sand hits Terence but does no damage.
You now have 4/6 mp.
Casting: Sandblast (safe; 9% risk of failure)
Confirm with . or Enter, or press ? or * to list all spells.
Aiming: Sandblast (safe; 9% risk of failure)
Press: ? - help, Shift-Dir - straight line, f/p - Terence
Aim: Terence, wielding a +1 mace of protection and wearing a +0 chain mail (86% to hit)
The blast of sand hits Terence but does no damage.
Terence hits you with a +1 mace of protection!
You take 7 damage, and have 17/24 hp.
MASSIVE DAMAGE!!
You now have 3/6 mp.
You hit Terence but do no damage. You grab Terence.
You constrict Terence, but do no damage.
Terence hits you with a +1 mace of protection.
You take 4 damage, and have 13/24 hp.
You hit Terence but do no damage.
You constrict Terence, but do no damage.
Terence closely misses you.
You hit Terence but do no damage. You constrict Terence.
Terence bares his teeth.
Terence closely misses you.
You hit Terence but do no damage.
Terence is lightly wounded.
You constrict Terence, but do no damage.
Terence barely misses you.
You hit Terence. You squeeze Terence, but do no damage.
Terence is lightly wounded.
You constrict Terence, but do no damage.
You hit Terence.
Terence is moderately wounded.
You constrict Terence, but do no damage.
Terence hits you with a +1 mace of protection.
You take 5 damage, and have 9/24 hp.
MASSIVE DAMAGE!!
You completely miss Terence.
Terence is moderately wounded.
You constrict Terence, but do no damage.
Terence hits you with a +1 mace of protection!
* * * LOW HITPOINT WARNING * * *
You take 7 damage, and have 2/24 hp.
MASSIVE DAMAGE!!
It was a potion of curing.
You feel better.
Q - a potion of curing You constrict Terence, but do no damage.
Terence barely misses you.
You regained 9 hp, and now have 11/24 hp.
You hit Terence but do no damage.
Terence is lightly wounded.
You constrict Terence, but do no damage.
Terence hits you with a +1 mace of protection.
* * * LOW HITPOINT WARNING * * *
You take 4 damage, and have 7/24 hp.
You feel better.
You constrict Terence. Terence barely misses you.
You regained 10 hp, and now have 17/24 hp.
You hit Terence but do no damage.
Terence is moderately wounded.
You constrict Terence.
Terence hits you with a +1 mace of protection!
You take 7 damage, and have 10/24 hp.
MASSIVE DAMAGE!!
You hit Terence but do no damage.
Terence is moderately wounded.
You constrict Terence, but do no damage.
Terence hits you with a +1 mace of protection.
* * * LOW HITPOINT WARNING * * *
You take 5 damage, and have 5/24 hp.
MASSIVE DAMAGE!!
It was a potion of magic.
Magic courses through your body.
You constrict Terence.
Terence hits you with a +1 mace of protection!
You die...

###
#.#########
#.@.#......
#.#@....#
#.#<..#...#
#######.#.#.#
..
#.......#.#.#
#@#######....
#...# ### #.
#...+ ..
#...# ##
#...# .....


You could see Terence.

Vanquished Creatures
  An adder (D:2)
  2 bats (D:1)
  An endoplasm (D:1)
  A giant cockroach (D:1)
  8 goblins
  2 hobgoblins (D:2)
  3 kobolds
  A quokka (D:1)
  4 ball pythons
  A rat (D:1)
24 creatures vanquished.

Notes
Turn   | Place    | Note
-------+----------+-------------------------------------------
     0 | D:1      | mdonais the Octopode Reaver began the quest for the Orb.
     0 | D:1      | Reached XP level 1. HP: 14/14 MP: 3/3
   166 | D:1      | Reached XP level 2. HP: 18/19 MP: 5/5
   175 | D:1      | Learned a level 2 spell: Momentum Strike
   177 | D:1      | Learned a level 1 spell: Sandblast
   540 | D:2      | Reached skill level 1 in Earth Magic
   546 | D:2      | Reached XP level 3. HP: 21/24 MP: 4/6
   551 | D:2      | Noticed Terence
   671 | D:2      | Noticed Robin
   707 | D:1      | Reached skill level 1 in Stealth
   819 | D:2      | Slain by Terence

Illustrated notes

Levels and vault maps discovered:
D:1:      eino_arrival_water_star, layout_rooms, serial_bayou,
          serial_bayou_pond_c, serial_bayou_lake_a, serial_bayou_pond_a,
          serial_bayou_crossing
D:2:      layout_basic, uniq_robin, uniq_terence

Skill      XL: |  1  2  3 |
---------------+----------+-----
Earth Magic    | 1 |  1.9
Stealth        | 1 |  1.0
Fighting       | |  2.2
Short Blades   | |  3.2
Dodging        | |  2.2
Spellcasting   | |  2.0
Conjurations   | |  3.0

Action                     || total
---------------------------++-------
  Melee: Short sword       ||    10
         Dagger            ||    33
         Constrict         ||     7
         Tentacles         ||     9
   Cast: Sandblast         ||    16
    Use: Potion            ||     3
   Stab: Sleeping          ||     3
 Armour: Skin              ||    23
  Dodge: Dodged            ||    26

Table legend: (Time is in decaauts)
 A = Elapsed time spent in this place.
 B = Non-inter-level travel time spent in this place.
 C = Inter-level travel time spent in this place.
 D = Time resting spent in this place.
 E = Time spent auto-exploring this place.
 F = Levels seen in this place.
 G = Mean time per level.
                   A        B        C        D        E       F      G
               +--------+--------+--------+--------+--------+-----+--------+
         Total |    819 |    789 |     30 |     51 |    488 |   2 |  409.5 |
       Dungeon |    819 |    789 |     30 |     51 |    488 |   2 |  409.5 |
               +--------+--------+--------+--------+--------+-----+--------+

Top non-repeatable levels by time:
     D:1: 588 daAuts
     D:2: 231 daAuts
